 Dungeon Crawl Stone Soup version 0.29-a0-551-gffc1d7fb78 (webtiles) character file.

Game seed: 9565377460722876662

2 Hubjo the Skirmisher (level 1, 0/18 HPs)
             Began as a Demonspawn Monk on June 5, 2022.
             Slain by a bat (1 damage)
             ... on level 1 of the Dungeon.
             The game lasted 00:00:20 (179 turns).

Hubjo the Skirmisher (Demonspawn Monk)               Turns: 179, Time: 00:00:20

Health: 0/18       AC:  2    Str: 11    XL:     1   Next: 33%
Magic:  1/1        EV: 13    Int: 11    God:
Gold:   12         SH:  0    Dex: 15    Spells: 0/0 levels left

rFire   . . .      SeeInvis .     - Unarmed
rCold   . . .      Faith    .   (no shield)
rNeg    . . .      Spirit   .   a - +0 robe
rPois   .          Reflect  .   (no helmet)
rElec   .          Harm     .   (no cloak)
rCorr   .          Rampage  .   (no gloves)
Will    .....                   (no boots)
Stlth   ++........              (no amulet)
HPRegen 0.06/turn               (no ring)
MPRegen 0.07/turn               (no ring)

@: brilliant
A: no striking features
a: no special abilities


You were on level 1 of the Dungeon.
You visited 1 branch of the dungeon, and saw 1 of its levels.

You collected 12 gold pieces.

Inventory:

Armour
 a - a +0 robe (worn)
Scrolls
 d - a scroll of torment {unknown}
Potions
 b - a potion of ambrosia


   Skills:
 + Level 3.0 Fighting
 - Level 2.7 Dodging
 + Level 1.9 Stealth
 + Level 2.7 Unarmed Combat


You couldn't memorise any spells.
You didn't know any spells.
Your spell library was empty.

Dungeon Overview and Level Annotations

Branches:
Dungeon (1/15)

Altars:


Message History

You punch the giant cockroach, but do no damage.
The endoplasm hits you. The giant cockroach bites you.
You barely miss the giant cockroach. The giant cockroach barely misses you.
The endoplasm closely misses you. The goblin hits you with a +0 club.
You hit the giant cockroach but do no damage.
The giant cockroach barely misses you. The goblin barely misses you.
The endoplasm closely misses you.
You hit the giant cockroach.
The giant cockroach is lightly wounded.
The giant cockroach bites you. The goblin hits you with a +0 club.
The endoplasm barely misses you.
You hit the giant cockroach but do no damage.
The giant cockroach is lightly wounded.
The giant cockroach closely misses you. The endoplasm hits you.
The goblin hits you with a +0 club.
* * * LOW HITPOINT WARNING * * *
You hit the giant cockroach but do no damage.
The giant cockroach is lightly wounded.
The giant cockroach barely misses you.
The giant cockroach bites you but does no damage.
The endoplasm freezes you.
You are frozen.
* * * LOW HITPOINT WARNING * * *
The goblin misses you.
It was a potion of brilliance.
You feel clever all of a sudden. The giant cockroach barely misses you.
The endoplasm freezes you.
You are frozen.
* * * LOW HITPOINT WARNING * * *
The goblin barely misses you.
Unknown command.
Unknown command.
You hit the endoplasm.
The endoplasm is almost dead.
The giant cockroach closely misses you.
You hit the endoplasm.
You kill the endoplasm!
The bat hits you.
You die...

#. #.. #. #######'#
###.###########........
#......................
#......................
##......................
>.......................
#..............######.#
#....B@g.......# #..
###.###b...##### .#
..........#
...............
.........=##### .. .
........# .P ..g.....#
.. ....b...# .. .......
..


You could see a giant cockroach, a goblin and a bat.

Vanquished Creatures
  An endoplasm (D:1)
  2 hobgoblins (D:1)
3 creatures vanquished.

Notes
Turn   | Place    | Note
-------+----------+-------------------------------------------
     0 | D:1      | Hubjo the Demonspawn Monk began the quest for the Orb.
     0 | D:1      | Reached XP level 1. HP: 18/18 MP: 1/1
   179 | D:1      | Slain by a bat

Illustrated notes

Levels and vault maps discovered:
D:1:      minmay_arrival_stone_box, layout_basic, serial_forest,
          infiniplex_forest_lined_2, infiniplex_forest_fountain,
          infiniplex_forest_clump_small, infiniplex_forest_lined_1,
          infiniplex_forest_join, infiniplex_forest_clump_long,
          infiniplex_forest_diagonal, infiniplex_forest_clump_long,
          infiniplex_forest_lined_3, infiniplex_forest_clump_medium,
          bh_walls_and_bars

Action                   || total
-------------------------++-------
Melee: Unarmed           ||    15
       Punch             ||     1
  Use: Potion            ||     1
 Stab: Sleeping          ||     1
Armor: Robe              ||     1
Dodge: Dodged            ||    17

Table legend: (Time is in decaauts)
 A = Elapsed time spent in this place.
 B = Non-inter-level travel time spent in this place.
 C = Inter-level travel time spent in this place.
 D = Time resting spent in this place.
 E = Time spent auto-exploring this place.
 F = Levels seen in this place.
 G = Mean time per level.
                   A        B        C        D        E       F      G
               +--------+--------+--------+--------+--------+-----+--------+
         Total |    177 |    177 |      0 |      0 |    152 |   1 |  177.0 |
       Dungeon |    177 |    177 |      0 |      0 |    152 |   1 |  177.0 |
               +--------+--------+--------+--------+--------+-----+--------+

Top non-repeatable levels by time:
     D:1: 177 daAuts
